 Dungeon Crawl Stone Soup version 0.30.0-15-g856e2d3f33 (webtiles) character file.

Game seed: 9616158301591168115

206 Woxaris the Trooper (level 5, 0/75 HPs)
             Began as a Hill Orc Berserker on May 19, 2023.
             Was a Believer of Trog.
             Succumbed to a scorpion's poison
             ... on level 4 of the Dungeon.
             The game lasted 00:12:55 (3236 turns).

Woxaris the Trooper (Hill Orc Berserker)            Turns: 3236, Time: 00:12:56

Health: 0/75       AC:  2    Str: 22    XL:     5   Next: 84%
Magic:  5/5        EV: 12    Int:  7    God:    Trog [**....]
Gold:   181        SH:  0    Dex: 10    Spells: 4/4 levels left

rFire   . . .        e - +0 whip
rCold   . . .        (no shield)
rNeg    . . .        b - +0 animal skin
rPois   .            (no helmet)
rElec   .            (no cloak)
rCorr   +            (no gloves)
SInv    .            (no boots)
Will    ++...        (no amulet) Stlth
                     g - ring of flight
HPRegen 1.32/turn    l - ring of resist corrosion
MPRegen 0.09/turn

%: no passive effects
@: berserking (expiring), lethally poisoned (0 -> -7), strong-willed, flying,
regenerating, very quick
A: no striking features
a: Renounce Religion, Berserk, Trog's Hand


You were on level 4 of the Dungeon.
You worshipped Trog.
Trog was pleased with you.
You visited 1 branch of the dungeon, and saw 4 of its levels.

You collected 181 gold pieces.

Inventory:

Hand Weapons
 a - a +0 mace
 c - a +0 mace
 e - a +0 whip (weapon)
 i - a +1 short sword of venom
Armour
 b - a +0 animal skin (worn)
 k - a +0 leather armour
Jewellery
 g - a ring of flight (left hand)
 l - a ring of resist corrosion (right hand)
Wands
 t - a wand of polymorph (8)
Scrolls
 d - a scroll of teleportation {unknown}
 j - 5 scrolls of vulnerability {unknown}
 m - a scroll of amnesia {unknown}
 n - a scroll of enchant armour {unknown}
 p - a scroll of immolation {unknown}
 q - a scroll of identify {unknown}
 r - a scroll of torment {unknown}
Potions
 f - 3 potions of cancellation {unknown}
 h - a potion of lignification {unknown}
 o - 2 potions of ambrosia {unknown}
 s - a potion of heal wounds {unknown}


   Skills:
 * Level 5.9 Fighting
 + Level 5.3 Maces & Flails
 + Level 2.4 Armour
 - Level 1.6 Dodging


You had 4 spell levels left.
You didn't know any spells.
Your spell library contained the following spells:

 Spells                   Type           Power      Damage    Failure   Level
 Freeze                   Ice            0%         1d3       43%         1
 Shock                    Conj/Air       0%         1d3       43%         1
 Frozen Ramparts          Ice            0%         1d1       80%         3
 Hailstorm                Conj/Ice       0%         3d3       80%         3
 Swiftness                Air            0%         N/A       80%         3
 Airstrike                Air            0%         2d(0-16)  99%         4


Dungeon Overview and Level Annotations

Branches:
Dungeon (4/15)
 Temple: D:4-7

Altars:
Kikubaaqudgha
Qazlal


Message History

The scorpion is lightly wounded.
You feel very sick. The scorpion misses you.
Your skin crawls.
You feel strong-willed.
You feel very sick. The scorpion stings you.
You are lethally poisoned!
The scorpion poisons you!
A red film seems to cover your vision as you go berserk!
You feel yourself moving faster!
You feel mighty!
You feel extremely sick. The scorpion barely misses you.
You closely miss the scorpion.
The scorpion is lightly wounded.
You feel very sick. The scorpion completely misses you.
You closely miss the scorpion.
The scorpion is lightly wounded.
You feel very sick.
You hit the scorpion.
The scorpion is heavily wounded.
You feel sick. The scorpion stings you.
* * * LOW HITPOINT WARNING * * *
You are lethally poisoned!
The scorpion poisons you!
You whack the scorpion!
You feel the power of Trog in you as your rage grows.
You kill the scorpion!
Trog accepts your kill.
* * * LOW HITPOINT WARNING * * *
You feel very sick.
There is a lethal amount of poison in your body!
* * * LOW HITPOINT WARNING * * *
You feel very sick.
You feel a strong urge to attack something.
* * * LOW HITPOINT WARNING * * *
You feel very sick.
You drop a yellow potion.
You die...

#####
##########....
###....... ...#
.... ... ..# # #..
#.###.# ##^
#.#..##.##.## #..
#....@......## #.#
####..#$###..###.#
#..#.# #.#.#.#
#..#.###.##.#####.#
#..#..............#
#..#####.##########
#..# #.# #..# #.#
#.######.###


There were no monsters in sight!

Vanquished Creatures
  A scorpion (D:4)
  7 adders
  An ufetubus (D:4)
  A dart slug (D:1)
  An orc (D:3)
  4 bats
  4 endoplasms
  4 giant cockroaches
  5 goblins
  7 hobgoblins
  15 jackals
  3 kobolds
  4 quokkas
  7 ball pythons
  A frilled lizard (D:2)
  6 rats
71 creatures vanquished.

Notes
Turn   | Place    | Note
-------+----------+-------------------------------------------
     0 | D:1      | Woxaris the Hill Orc Berserker began the quest for the Orb.
     0 | D:1      | Reached XP level 1. HP: 19/19 MP: 1/1
   206 | D:1      | Reached XP level 2. HP: 25/27 MP: 2/2
   454 | D:1      | Found a faded altar of an unknown god.
   457 | D:1      | Reached ** piety under Trog
   458 | D:1      | Reached XP level 3. HP: 34/34 MP: 3/3
  1067 | D:2      | Reached XP level 4. HP: 17/41 MP: 4/4
  1266 | D:2      | Reached skill level 5 in Fighting
  1770 | D:3      | Found a stormy altar of Qazlal.
  2136 | D:3      | Reached XP level 5. HP: 44/48 MP: 5/5
  2376 | D:3      | Found an ancient bone altar of Kikubaaqudgha.
  3130 | D:4      | Reached skill level 5 in Maces & Flails
  3235 | D:4      | HP: 2/75 [poisoned by a scorpion]
  3236 | D:4      | Succumbed to a scorpion's poison

Illustrated notes

Levels and vault maps discovered:
D:1:      dpeg_arrival_tiny_b, layout_rooms, basic_ecumenical_altar
D:2:      layout_basic, item_on_display_a
D:3:      layout_loops_corners, nicolae_qazlal_general_emergency,
          mainiacjoe_overflow_surrounded_room, saegor_snake_ambush
D:4:      layout_loops_ring, doesnt_xom_only_xom, minmay_temple_entry_mist

Skill      XL: |  1  2  3  4  5 |
---------------+----------------+-----
Fighting       | 4 5 |  5.9
Maces & Flails | 4 5 |  5.3
Armour         | |  2.4
Dodging        | |  1.6

Action                     |  1- 3 |  4- 6 || total
---------------------------+-------+-------++-------
  Melee: Whip              |   159 |   176 ||   335
         Mace              |     4 |       ||     4
         Punch             |       |     2 ||     2
 Invoke: Berserk           |       |     2 ||     2
         Trog's Hand       |       |     1 ||     1
   Stab: Sleeping          |     2 |     2 ||     4
 Armour: Animal skin       |    32 |    27 ||    59
  Dodge: Dodged            |   107 |   129 ||   236
